 Dungeon Crawl Stone Soup version 0.23.2-42-gf373564dc4 (webtiles) character file.

Game seed: 8251828079743775411

19 Ponchio the Skirmisher (level 2, 20/20 HPs)
             Began as a Gargoyle Fighter on Oct 20, 2019.
             Got out of the dungeon alive.
             The game lasted 00:03:19 (639 turns).

Ponchio the Skirmisher (Gargoyle Fighter)            Turns: 639, Time: 00:03:20

Health: 20/20      AC:  9    Str: 19    XL:     2   Next: 75%
Magic:  2/2        EV:  7    Int:  8    God:
Gold:   29         SH:  9    Dex:  9    Spells: 1/1 levels left

rFire    . . .     SeeInvis .   a - +0 flail
rCold    . . .     Gourm    .   c - +0 shield
rNeg     + . .     Faith    .   b - +0 scale mail
rPois    ∞         Spirit   .   (no helmet)
rElec    +         Reflect  .   (no cloak)
rCorr    .         Harm     .   (no gloves)
MR       .....                  (no boots)
Stlth    ..........             (no amulet)
HPRegen  0.06/turn              (no ring)
MPRegen  0.08/turn              (no ring)

@: no status effects
A: negative energy resistance 1, electricity resistance, unbreathing,
petrification resistance, rot immunity, AC +2
a: no special abilities


You escaped.
You were not hungry.

You visited 1 branch of the dungeon, and saw 2 of its levels.

You collected 29 gold pieces.

Inventory:

Hand Weapons
 a - a +0 flail (weapon)
Armour
 b - a +0 scale mail (worn)
 c - a +0 shield (worn)
Scrolls
 e - a scroll of blinking {unknown}
 i - a scroll of identify {unknown}
 k - a scroll of amnesia {unknown}
Potions
 d - a potion of might
 g - 3 potions of ambrosia {unknown}
 h - a potion of magic {unknown}
 j - a potion of degeneration {unknown}
 l - 2 potions of curing {unknown}
Comestibles
 f - 6 rations


   Skills:
 + Level 3.8 Fighting
 + Level 2.6 Maces & Flails
 - Level 3.2 Armour
 - Level 3.2 Shields


You had one spell level left.
You didn't know any spells.
Your spell library was empty.

Dungeon Overview and Level Annotations

Branches:
Dungeon (2/15)

Altars:


Innate Abilities, Weirdness & Mutations

You are resistant to torment.
Your stone body is resilient. (AC +2)
You are immune to poison.
You resist negative energy. (rN+)
You are resistant to electric shocks. (rElec)
You can survive without breathing.
You are immune to petrification.
You are immune to rotting.


Message History

There is an open door here.
There is a stone staircase leading down here.
You climb downwards.
There is a stone staircase leading up here.
Found 20 arrows.
Found a stone staircase leading up.
Welcome back, Ponchio the Gargoyle Fighter.
Press ? for a list of commands and other information.
Welcome back, Ponchio the Gargoyle Fighter.
Press ? for a list of commands and other information.
Unknown command.
Unknown command.
You pace your travel speed to your slowest ally.
You travel at normal speed.
There is a stone staircase leading up here.
You climb upwards.
There is a stone staircase leading down here.
There is an open door here.
There is a staircase leading out of the dungeon here.
Are you sure you want to leave the Dungeon?
This will make you lose the game!
You have escaped!

#.# #.# #.# #..........).........
#.###.# #.# #....................
....#.# #.# #...########.........
....#.###.# #..................##
..........######'###############
....#.......#.......#...# ######
......#...#.#.8.8.8.#.#.# #.....
#####.#.#.#.#.......#.#.# #.####
........#.#.+.8.@.8.'.#.# #.##..
........#.#.#.......#.#.# #.##..
........#.#.#.8.8.8.#.#†# #.##..
........#...#.......#.#.####.##..
........########+####.......>....
#####.#..........................
#.###########...##..........^
#...........'...............#
#############...##..........#


There were no monsters in sight!

Vanquished Creatures
  2 leopard geckos (D:1)
  A giant cockroach (D:1)
  4 goblins (D:1)
  A hobgoblin (D:1)
  A kobold (D:1)
  A ball python (D:1)
  4 frilled lizards (D:1)
  3 rats (D:1)
17 creatures vanquished.

Notes
Turn   | Place    | Note
-------+----------+-------------------------------------------
     0 | D:1      | Ponchio the Gargoyle Fighter began the quest for the Orb.
     0 | D:1      | Reached XP level 1. HP: 14/14 MP: 1/1
    58 | D:1      | Reached XP level 2. HP: 17/19 MP: 2/2
   620 | D:2      | Upgraded the game from 0.23.2-40-g277498a001 to
                  | 0.23.2-42-gf373564dc4
   639 | D:$      | Got out of the dungeon alive.

Action                   || total
-------------------------++-------
Melee: Flail             ||    72
Armor: Scale mail        ||    33
Dodge: Dodged            ||    17
Block: Shield            ||    42
